 Dungeon Crawl Stone Soup version 0.27.1-1-g398f81649c (webtiles) character file.

Game seed: 9542319268313295198

1110 MisterFreud the Shield-Bearer (level 8, -5/64 (67) HPs)
             Began as a Gnoll Fighter on Sept 15, 2021.
             Was a Believer of Dithmenos.
             Killed by divine providence
             ... invoked by an orc priest
              (14 damage)
             ... on level 5 of the Dungeon.
             The game lasted 00:07:30 (5796 turns).

MisterFreud the Shield-Bearer (Gnoll Fighter)       Turns: 5796, Time: 00:07:31

HP:   -5/64 (67)    AC:  8    Str: 15    XL:     8   Next: 33%
MP:   12/12         EV:  9    Int:  9    God:    Dithmenos [**....]
Gold: 211           SH: 10    Dex: 13    Spells: 13/13 levels left

rFire    . . .     SeeInvis .   a - +0 rapier
rCold    . . .     Faith    .   c - +0 kite shield
rNeg     . . .     Spirit   .   b - +0 scale mail
rPois    .         Reflect  .   (no helmet)
rElec    .         Harm     .   (no cloak)
rCorr    .         Rampage  .   (no gloves)
Will     .....                  (no boots)
Stlth    +.........             (no amulet)
HPRegen  0.20/turn              (no ring)
MPRegen  0.13/turn              (no ring)

@: wreathed by umbra, lightly drained
A: fangs 1, strong nose, distributed training
a: Renounce Religion, Shadow Step


You were on level 5 of the Dungeon.
You worshipped Dithmenos.
Dithmenos was pleased with you.
You visited 1 branch of the dungeon, and saw 5 of its levels.

You collected 211 gold pieces.

Inventory:

Hand Weapons
 a - a +0 rapier (weapon)
Missiles
 l - 13 poisoned darts (quivered)
 w - a curare-tipped dart
Armour
 b - a +0 scale mail (worn)
 c - a +0 kite shield (worn)
Wands
 o - a wand of charming (9)
 p - a wand of polymorph (1)
 t - a wand of iceblast (4)
Scrolls
 f - a scroll of noise {unknown}
 g - 2 scrolls of teleportation {unknown}
 h - a scroll of fear {unknown}
 i - a scroll of identify {unknown}
 j - a scroll of holy word {unknown}
 m - 2 scrolls of blinking {unknown}
 q - 3 scrolls of amnesia {unknown}
 s - a scroll of enchant weapon {unknown}
Potions
 d - a potion of might
 e - a potion of berserk rage
 k - a potion of invisibility {unknown}
 n - 2 potions of degeneration {unknown}
 r - a potion of heal wounds {unknown}
 u - 2 potions of lignification {unknown}
 v - a potion of flight {unknown}
 x - a potion of attraction {unknown}


   Skills:
 + Level 7.3 Fighting
 + Level 5.6 Short Blades
 + Level 3.2 Long Blades
 + Level 3.2 Axes
 + Level 3.2 Maces & Flails
 + Level 3.2 Polearms
 + Level 3.2 Staves
 + Level 3.2 Slings
 + Level 3.2 Bows
 + Level 3.2 Crossbows
 + Level 3.2 Throwing
 + Level 7.3 Armour
 + Level 3.2 Dodging
 + Level 3.2 Stealth
 + Level 7.3 Shields
 + Level 3.2 Unarmed Combat
 + Level 3.2 Spellcasting
 + Level 2.6 Conjurations
 + Level 2.6 Hexes
 + Level 2.6 Summonings
 + Level 2.6 Necromancy
 + Level 2.6 Translocations
 + Level 2.6 Transmutations
 + Level 2.6 Fire Magic
 + Level 2.6 Ice Magic
 + Level 2.6 Air Magic
 + Level 2.6 Earth Magic
 + Level 2.6 Poison Magic
 + Level 3.5 Invocations
 + Level 3.2 Evocations


You had 13 spell levels left.
You didn't know any spells.
Your spell library contained the following spells:

 Spells                   Type           Power      Damage    Failure   Level
 Summon Small Mammal      Summ           24%        N/A       67%         1
 Call Canine Familiar     Summ           6%         N/A       95%         3
 Summon Guardian Golem    Hex/Summ       6%         N/A       95%         3
 Tukima's Dance           Hex            6%         N/A       95%         3
 Passage of Golubria      Tloc           N/A        N/A       100%        4
 Yara's Violent Unravell  Hex/Tmut       3%         3d4       100%        5


Dungeon Overview and Level Annotations

Branches:
Dungeon (5/15)
 Temple: D:4-7

Altars:
Dithmenos

Shops:
D:1 *


Innate Abilities, Weirdness & Mutations

You have very sharp teeth.
Your uncanny sense of smell can sniff out nearby items.
Your experience applies equally to all skills.


Message History

The orc wizard points at you and mumbles some strange words.
The puff of flame hits you.
The orc wizard mumbles some strange words.
The orc wizard flickers and vanishes!
Deactivating autopickup; reactivate with Ctrl-A.
Something hits you but does no damage.
No target in view!
No target in view!
A magic dart appears from out of thin air!
The magic dart hits you but does no damage.
You hear some strange, mumbled words.
Something tries to affect you, but you resist.
You miss something. You bite something. Something hits you but does no damage.
You hit something. Something hits you but does no damage.
You hit something but do no damage. You bite something.
The orc priest invokes the aid of Beogh against you.
Beogh smites you! Something hits you.
You hit something. Something hits you but does no damage.
The orc priest looks encouraged for a moment.
You closely miss something. Your bite misses something.
You hear some strange, mumbled words.
A magic dart appears from out of thin air!
The magic dart hits you.
You miss something. You block something's attack.
You miss something. Something hits you but does no damage.
You miss something. Something hits you but does no damage.
You closely miss something. Your bite misses something.
Something hits you but does no damage. Something hits you.
You hit something but do no damage.
The orc priest invokes the aid of Beogh against you.
Beogh smites you!
* * * LOW HITPOINT WARNING * * *
Something hits you.
* * * LOW HITPOINT WARNING * * *
You hit something. You bite something. Something hits you.
* * * LOW HITPOINT WARNING * * *
You closely miss something.
The orc priest calls down the wrath of Beogh upon you.
Beogh smites you!
You die...

#############
............#
###########.# ∆ ## #.#
#.#########.####### ...
..........o{@.# #.#
####.##.##o#### .
#.######.##.##.# ...
..............{######.....
#.#... ..........)).....#
..# #.##.##.........## #.#
# #........#####.## #.#.#
#.##.###.# #.# #.#.####. #
#.#####.# #.#


You could see an orc priest and an orc wizard.

Vanquished Creatures
  A water moccasin (D:3)
  A black bear (D:5)
  3 ogres
  A kobold brigand (D:5)
  2 scorpions
  A water moccasin zombie (D:5)
  3 howler monkeys
  2 hounds
  A centaur skeleton (D:5)
  A jelly (D:5)
  Jessica (D:3)
  An orc wizard (D:5)
  A killer bee zombie (D:5)
  3 adders
  An ufetubus (D:5)
  2 worms
  A dart slug (D:1)
  11 orcs
  4 endoplasms
  A giant cockroach (D:4)
  4 goblins
  5 hobgoblins
  4 jackals (D:2)
  14 kobolds
  2 quokkas
  4 ball pythons
  4 bats
  2 frilled lizards
  4 rats
85 creatures vanquished.

Vanquished Creatures (collateral kills)
  An orc (D:5)
1 creature vanquished.

Grand Total: 86 creatures vanquished

Notes
Turn   | Place    | Note
-------+----------+-------------------------------------------
     0 | D:1      | MisterFreud the Gnoll Fighter began the quest for the Orb.
     0 | D:1      | Reached XP level 1. HP: 23/23 MP: 1/1
   300 | D:1      | Reached XP level 2. HP: 29/29 MP: 2/2
   430 | D:1      | Found Teifaer's General Store.
   970 | D:2      | Reached XP level 3. HP: 34/35 MP: 3/3
  1088 | D:2      | Reached skill level 1 in Invocations
  1431 | D:3      | Found a faded altar of an unknown god.
  1469 | D:3      | Became a worshipper of Dithmenos the Shadowed
  1469 | D:3      | Reached * piety under Dithmenos
  1499 | D:3      | Reached skill level 1 in Long Blades
  1499 | D:3      | Reached skill level 1 in Axes
  1499 | D:3      | Reached skill level 1 in Maces & Flails
  1499 | D:3      | Reached skill level 1 in Polearms
  1499 | D:3      | Reached skill level 1 in Staves
  1499 | D:3      | Reached skill level 1 in Slings
  1499 | D:3      | Reached skill level 1 in Bows
  1499 | D:3      | Reached skill level 1 in Crossbows
  1499 | D:3      | Reached skill level 1 in Throwing
  1499 | D:3      | Reached skill level 1 in Dodging
  1499 | D:3      | Reached skill level 1 in Stealth
  1499 | D:3      | Reached skill level 1 in Unarmed Combat
  1499 | D:3      | Reached skill level 1 in Spellcasting
  1499 | D:3      | Reached skill level 1 in Evocations
  1517 | D:3      | Reached XP level 4. HP: 34/41 MP: 5/5
  1664 | D:3      | Noticed Jessica
  1690 | D:3      | Killed Jessica
  1691 | D:3      | Reached skill level 1 in Conjurations
  1691 | D:3      | Reached skill level 1 in Hexes
  1691 | D:3      | Reached skill level 1 in Summonings
  1691 | D:3      | Reached skill level 1 in Necromancy
  1691 | D:3      | Reached skill level 1 in Translocations
  1691 | D:3      | Reached skill level 1 in Transmutations
  1691 | D:3      | Reached skill level 1 in Fire Magic
  1691 | D:3      | Reached skill level 1 in Ice Magic
  1691 | D:3      | Reached skill level 1 in Air Magic
  1691 | D:3      | Reached skill level 1 in Earth Magic
  1691 | D:3      | Reached skill level 1 in Poison Magic
  2063 | D:3      | Noticed a water moccasin
  2079 | D:3      | Killed a water moccasin
  2080 | D:3      | Reached XP level 5. HP: 11/47 MP: 5/7
  2085 | D:3      | HP: 2/47 [poisoned by a water moccasin]
  2580 | D:4      | Reached XP level 6. HP: 48/53 MP: 8/8
  2685 | D:4      | Reached skill level 5 in Short Blades
  3229 | D:4      | Noticed Blork the orc
  3243 | D:4      | Noticed Blork
  3243 | D:4      | Blork the orc changed into Blork the howler monkey
  3251 | D:4      | Killed Blork the howler monkey
  3259 | D:4      | Reached XP level 7. HP: 14/59 MP: 10/10
  3883 | D:5      | Entered Level 5 of the Dungeon
  4316 | D:5      | Reached ** piety under Dithmenos
  4998 | D:5      | Reached XP level 8. HP: 65/67 MP: 12/12
  5796 | D:5      | Killed from afar by an orc priest

Illustrated notes

Levels and vault maps discovered:
D:1:      sevenhm_arrival_forest_fort_large_2, layout_loops_ring, serial_shops,
          shop
D:2:      layout_rooms, minmay_vboxes
D:3:      layout_basic, shapermc_ecumenical_altar_mp_vishouse, uniq_jessica
D:4:      layout_layer_cave, uniq_blork_the_orc
D:5:      lemuel_ice_spiral_2, layout_basic

Skill      XL: |  1  2  3  4  5  6  7  8 |
---------------+-------------------------+-----
Invocations    | 1 2 3 |  3.5
Long Blades    | 1 2 3 |  3.2
Axes           | 1 2 3 |  3.2
Maces & Flails | 1 2 3 |  3.2
Polearms       | 1 2 3 |  3.2
Staves         | 1 2 3 |  3.2
Slings         | 1 2 3 |  3.2
Bows           | 1 2 3 |  3.2
Crossbows      | 1 2 3 |  3.2
Throwing       | 1 2 3 |  3.2
Dodging        | 1 2 3 |  3.2
Stealth        | 1 2 3 |  3.2
Unarmed Combat | 1 2 3 |  3.2
Spellcasting   | 1 2 3 |  3.2
Evocations     | 1 2 3 |  3.2
Conjurations   | 1 2 |  2.6
Hexes          | 1 2 |  2.6
Summonings     | 1 2 |  2.6
Necromancy     | 1 2 |  2.6
Translocations | 1 2 |  2.6
Transmutations | 1 2 |  2.6
Fire Magic     | 1 2 |  2.6
Ice Magic      | 1 2 |  2.6
Air Magic      | 1 2 |  2.6
Earth Magic    | 1 2 |  2.6
Poison Magic   | 1 2 |  2.6
Short Blades   | 5 |  5.6
Fighting       | 7 |  7.3
Armour         | 7 |  7.3
Shields        | 7 |  7.3

Action                   |  1- 3 |  4- 6 |  7- 9 || total
-------------------------+-------+-------+-------++-------
Melee: Rapier            |    94 |   110 |   199 ||   403
       Bite              |     6 |    10 |    25 ||    41
Throw: Dart              |       |       |     6 ||     6
Evoke: Wand              |       |     1 |     3 ||     4
  Use: Potion            |       |     1 |       ||     1
Armor: Scale mail        |    39 |    28 |    57 ||   124
Dodge: Dodged            |    18 |    35 |    62 ||   115
Block: Kite shield       |    58 |    48 |   107 ||   213
